 Dungeon Crawl Stone Soup version 0.27.1-4-g1640c2035a (webtiles) character file.

Game seed: 15364417612723301645

37 zeram the Vexing (level 3, 0/19 HPs)
             Began as a Deep Elf Enchanter on Nov 13, 2021.
             Slain by a goblin (3 damage)
             ... on level 2 of the Dungeon.
             The game lasted 00:03:53 (2112 turns).

zeram the Vexing (Deep Elf Enchanter)               Turns: 2112, Time: 00:03:53

Health: 0/19       AC:  2    Str:  5    XL:     3   Next: 21%
Magic:  10/10      EV: 13    Int: 20    God:
Gold:   97         SH:  0    Dex: 15    Spells: 6/9 levels left

rFire    . . .     SeeInvis .   a - +1 dagger
rCold    . . .     Faith    .   (no shield)
rNeg     . . .     Spirit   .   b - +0 robe
rPois    .         Reflect  .   (no helmet)
rElec    .         Harm     .   (no cloak)
rCorr    .         Rampage  .   (no gloves)
Will     .....                  (no boots)
Stlth    ++........             (no amulet)
HPRegen  0.06/turn              (no ring)
MPRegen  0.12/turn              (no ring)

@: no status effects
A: no striking features
a: no special abilities


You were on level 2 of the Dungeon.
You visited 1 branch of the dungeon, and saw 2 of its levels.

You collected 97 gold pieces.

Inventory:

Hand Weapons
 a - a +1 dagger (weapon)
Armour
 b - a +0 robe (worn)
Scrolls
 c - a scroll of brand weapon
 e - a scroll of identify
Potions
 d - a potion of haste {unknown}


   Skills:
 + Level 1.5 Short Blades
 + Level 3.3 Dodging
 - Level 3.6 Stealth
 + Level 3.9 Spellcasting
 - Level 4.0 Hexes


You had 6 spell levels left.
You knew the following spells:

 Your Spells              Type           Power      Damage    Failure   Level
a - Corona                Hex            22%        N/A       2%          1
b - Ensorcelled Hibernat  Hex/Ice        24%        N/A       9%          2

Your spell library contained the following spells:

 Spells                   Type           Power      Damage    Failure   Level
 Confusing Touch          Hex            20%        N/A       8%          3
 Tukima's Dance           Hex            20%        N/A       8%          3
 Magic Dart               Conj           12%        1d3       13%         1
 Dazzling Flash           Conj/Hex       24%        N/A       17%         3
 Searing Ray              Conj           6%         3d3       21%         2
 Fulminant Prism          Conj/Hex       6%         3d7       50%         4


Dungeon Overview and Level Annotations

Branches:
Dungeon (2/15)

Altars:


Message History

A nearby plant withers and dies.
The goblin barely misses you.
You hit the worm.
The worm is moderately wounded.
The giant cockroach closely misses you. The worm barely misses you.
The goblin hits you with a +0 dagger. The giant cockroach bites you.
You completely miss the worm.
The worm is moderately wounded.
The goblin hits you with a +0 dagger.
The giant cockroach waves its antennae.
The giant cockroach bites you. The worm bites you!
* * * LOW HITPOINT WARNING * * *
You are too injured to fight recklessly!
You are too injured to fight recklessly!
You are too injured to fight recklessly!
You are too injured to fight recklessly!
You are too injured to fight recklessly!
You are too injured to fight recklessly!
You are too injured to fight recklessly!
You are too injured to fight recklessly!
You are too injured to fight recklessly!
You are too injured to fight recklessly!
You are too injured to fight recklessly!
You are too injured to fight recklessly!
You are too injured to fight recklessly!
You are too injured to fight recklessly!
You are too injured to fight recklessly!
You are too injured to fight recklessly!
You are too injured to fight recklessly!
You are too injured to fight recklessly!
You are too injured to fight recklessly!
You are too injured to fight recklessly!
You are too injured to fight recklessly!
Unknown command.
Found a stone staircase leading up.
The giant cockroach barely misses you.
The giant cockroach bites you but does no damage.
There is a stone staircase leading up here.
The giant cockroach bites you.
* * * LOW HITPOINT WARNING * * *
The goblin hits you with a +0 dagger.
You die...

#. P.# #. #.. #.# #. #.#
#.##..###.# #. #+# #.#
....#.....######.###.###.#
.≈≈≈.≈≈♣.#.#..#..#...........##..
≈.≈.≈.≈...................#......
≈≈≈≈≈≈≈≈♣)<......##.####.........
.≈≈≈≈.≈≈.#.#..#..##..............
.≈≈.≈≈≈P(#.....B@.#.#####.##.##<#
≈≈≈≈.≈≈......J#g..#.#####.##†#..#
..P......#.#......#.#.)......#...
#†###........#.#.###.##.####
##................#.#.##.#
#....#.#........#.#...##.#
#...............#...#.##.#
#....#.......)#.#.#........
#....#......>...#.#...(..#.


You could see an endoplasm, a giant cockroach and a goblin.

Vanquished Creatures
  4 endoplasms (D:1)
  5 giant cockroaches (D:1)
  5 goblins (D:1)
  2 hobgoblins (D:1)
  2 kobolds
  A quokka (D:2)
  8 ball pythons
  A bat (D:1)
  2 frilled lizards (D:2)
  2 rats (D:1)
32 creatures vanquished.

Vanquished Creatures (others)
  4 plants (D:2)
4 creatures vanquished.

Grand Total: 36 creatures vanquished

Notes
Turn   | Place    | Note
-------+----------+-------------------------------------------
     0 | D:1      | zeram the Deep Elf Enchanter began the quest for the Orb.
     0 | D:1      | Reached XP level 1. HP: 10/10 MP: 6/6
   340 | D:1      | Reached XP level 2. HP: 10/15 MP: 6/8
   790 | D:1      | Learned a level 2 spell: Ensorcelled Hibernation
  1806 | D:1      | Reached XP level 3. HP: 19/19 MP: 10/10
  2112 | D:2      | Slain by a goblin

Illustrated notes

Levels and vault maps discovered:
D:1:      ncdulo_smallfort, layout_loops_corners, minmay_tetromino_l4
D:2:      layout_basic, serial_bayou, serial_bayou_pond_a, serial_bayou_lake_a,
          serial_bayou_pond_c, serial_bayou_pond_d, serial_bayou_pond_b

Skill      XL: |  1  2 |
---------------+-------+-----
Dodging        | 3 |  3.3
Short Blades   | |  1.5
Stealth        | |  3.6
Spellcasting   | |  3.9
Hexes          | |  4.0

Action                   || total
-------------------------++-------
Melee: Dagger            ||   122
 Cast: Ensorcelled Hiber ||     4
  Use: Scroll            ||     3
 Stab: Sleeping          ||    14
Armor: Robe              ||    26
Dodge: Dodged            ||    85
